 Dungeon Sprint DCSS version 0.20.1-1-g8b1a95d (webtiles) character file.

268 wojtek the Basher (level 6, -5/55 HPs)
             Began as a Formicid Fighter on Dec 30, 2017.
             Slain by a slime creature (15 damage)
             ... in the Dungeon (Sprint I: "Red Sonja").
             The game lasted 00:00:35 (489 turns).

wojtek the Basher (Formicid Fighter)                 Turns: 489, Time: 00:00:35

Health: -5/55      AC:  7    Str: 22    XL:     6   Next: 45%
Magic:  6/6        EV: 10    Int:  8    God:
Gold:   162        SH: 10    Dex: 10    Spells: 5/5 levels left

rFire    . . .     SeeInvis +   a - +0 flail
rCold    . . .     Gourm    .   c - +0 shield
rNeg     . . .     Faith    .   b - +0 scale mail
rPois    .         Spirit   .   (helmet unavailable)
rElec    .         Reflect  .   (no cloak)
rCorr    .         Harm     .   (no gloves)
MR       .....                  (no boots)
Stlth    ..........             (no amulet)
Regen    0.2/turn               (no ring)
MPRegen  0.1/turn               (no ring)

@: no status effects
A: permanent stasis, dig shafts and tunnels, four strong arms, antennae 3
a: Dig


You were in the Dungeon.
You were not hungry.

You visited 1 branch You collected 162 gold pieces.

Inventory:

Hand Weapons
 a - a +0 flail (weapon)
Armour
 b - a +0 scale mail (worn)
 c - a +0 shield (worn)
Wands
 l - a wand of random effects (32/48)
Scrolls
 k - a scroll of blinking
Potions
 d - a potion of might
 e - a potion of curing
 g - a potion of heal wounds
 h - a potion of haste
 i - 2 potions of magic
 j - a potion of berserk rage
 m - 2 potions of degeneration {unknown}
Comestibles
 f - a bread ration
 n - 3 chunks of flesh


   Skills:
 + Level 7.0 Fighting
 * Level 8.4 Maces & Flails
 + Level 7.1 Armour
 + Level 2.8 Dodging
 + Level 5.4 Shields


You had 5 spell levels left.
You didn't know any spells.

Dungeon Overview and Level Annotations

Branches:
Dungeon (1/1)

Altars:
Makhleb
Xom
Jiyva
Lugonu


Innate Abilities, Weirdness & Mutations

You cannot be hasted, slowed, berserked, paralysed or teleported.
You can dig through walls and to a lower floor.
Your four strong arms can wield two-handed weapons with a shield.
You have a pair of large antennae on your head. (SInv)


Message History

You block the slime creature's attack.
There is an open door here.
Your shield and scale mail prevent you from hitting the slime creature.
The slime creature hits you!
You sock the slime creature!
The slime creature is lightly wounded.
The slime creature hits you! You block the slime creature's attack.
You hit the slime creature but do no damage.
The slime creature is lightly wounded.
You hit the slime creature.
The slime creature is lightly wounded.
The slime creature hits you!
You hit the slime creature.
The slime creature is lightly wounded.
You block the slime creature's attack. The slime creature hits you!
* * * LOW HITPOINT WARNING * * *
You thump the slime creature!
The slime creature is moderately wounded.
The slime creature hits you!
You die...

###################
#<.#..)..#..'..#__#
#..').#..)..#..@J.+
#..#####'#####+#__#
#..# #..# ### #..#
#### { #..# #⌠⌠# {
{ #### {


You could see a slime creature.

Vanquished Creatures
  Sigmund (D)
  An ogre (D)
  Ijyb (D)
3 creatures vanquished.

Notes
Turn   | Place    | Note
-------+----------+-------------------------------------------
     0 | D        | wojtek the Formicid Fighter began the quest for the Orb.
     0 | D        | Reached XP level 1. HP: 18/18 MP: 1/1
     1 | D        | Noticed Ijyb
    19 | D        | Killed Ijyb
    19 | D        | Reached skill level 4 in Maces & Flails
    19 | D        | Reached XP level 2. HP: 19/26 MP: 2/2
    19 | D        | Reached XP level 3. HP: 23/31 MP: 3/3
    98 | D        | Noticed an ogre
   105 | D        | Killed an ogre
   105 | D        | Reached skill level 5 in Fighting
   105 | D        | Reached skill level 6 in Maces & Flails
   105 | D        | Reached XP level 4. HP: 19/40 MP: 4/4
   105 | D        | Reached XP level 5. HP: 22/46 MP: 5/5
   264 | D        | Noticed Sigmund
   282 | D        | Killed Sigmund
   282 | D        | Reached skill level 8 in Maces & Flails
   282 | D        | Reached skill level 5 in Shields
   282 | D        | Reached XP level 6. HP: 19/55 MP: 6/6
   482 | D        | Found a burning altar of Makhleb.
   482 | D        | Found a viscous altar of Jiyva.
   482 | D        | Found a shimmering altar of Xom.
   482 | D        | Found a corrupted altar of Lugonu.
   482 | D        | Noticed a slime creature
   489 | D        | Slain by a slime creature

Skill      XL: |  1  2  3  4  5 |
---------------+----------------+-----
Fighting       | 4 5 7 |  7.0
Maces & Flails | 4 6 8 |  8.4
Armour         | 4 6 7 |  7.1
Dodging        | 2 |  2.8
Shields        | 5 |  5.4

Action                   |  1- 3 |  4- 6 || total
-------------------------+-------+-------++-------
Melee: Flail             |    23 |    15 ||    38
Armor: Scale mail        |     4 |       ||     4
Dodge: Dodged            |     3 |     1 ||     4
Block: Shield            |    10 |     5 ||    15
